 Dungeon Crawl Stone Soup version 0.18-a0-1570-gf60b0ab (webtiles) character file.

42 mopl the Poker (level 3, -6/27 HPs)
             Began as a Demonspawn Gladiator on Mar 14, 2016.
             Mangled by Crazy Yiuf
             ... wielding a +4 quarterstaff of chaos
              (10 damage)
             ... on level 2 of the Dungeon.
             The game lasted 00:02:04 (971 turns).

mopl the Poker (Demonspawn Gladiator)                Turns: 971, Time: 00:02:04

Health: -6/27      AC: 10    Str: 15    XL:     3   Next: 33%
Magic:  0/3        EV:  8    Int:  9    God:
Gold:   57         SH:  0    Dex: 14    Spells: 0 memorised, 2 levels left

rFire  . . .     SeeInvis .     a - +0 trident
rCold  . . .     Gourm    .     o - +0 chain mail
rNeg   . . .     Faith    .     (no shield)
rPois  .         Spirit   .     c - +0 helmet
rElec  .         Dismiss  .     n - +0 cloak (curse)
rCorr  .         Reflect  .     (no gloves)
SustAt .         Harm     .     (no boots)
MR     .....                    (no amulet)
Stlth  ..........               (no ring)
                                (no ring)

@: not resistant to hostile enchantments, extremely unstealthy
A: sturdy frame 1
a: no special abilities


You were on level 2 of the Dungeon.
You were not hungry.

You visited 1 branch of the dungeon, and saw 2 of its levels.

You collected 57 gold pieces.

Inventory:

Hand Weapons
 a - a +0 trident (weapon)
Missiles
 d - 3 throwing nets (quivered)
 j - 62 stones
Armour
 c - a +0 helmet (worn)
 n - a cursed +0 cloak (worn)
 o - a +0 chain mail (worn)
Scrolls
 e - a scroll of teleportation {unknown}
 h - 5 scrolls of identify {unknown}
 k - a scroll of blinking {unknown}
 p - a scroll of enchant weapon {unknown}
Potions
 b - a potion of flight {unknown}
 i - a potion of beneficial mutation {unknown}
 l - a potion of agility {unknown}
 m - a potion of cure mutation {unknown}
 q - a potion of curing {unknown}
Comestibles
 f - 4 bread rations
 g - 2 fruits


   Skills:
 - Level 2.0 Fighting
 * Level 4.0 Polearms
 - Level 1.7 Throwing
 - Level 2.6 Dodging


You had 2 spell levels left.
You didn't know any spells.

Dungeon Overview and Level Annotations

Branches:
Dungeon (2/15)

Altars:

Annotations:
D:2 Crazy Yiuf


Innate Abilities, Weirdness & Mutations

Your movements are slightly less encumbered by armour (ER -2).


Message History

Your chain mail prevents you from hitting Crazy Yiuf.
Crazy Yiuf is heavily wounded.
Crazy Yiuf hits you with a quarterstaff of chaos!
You are too injured to fight recklessly!
You are too injured to fight recklessly!
You are too injured to fight recklessly!
You hit Crazy Yiuf.
Crazy Yiuf is heavily wounded.
Crazy Yiuf hits you with a quarterstaff of chaos.
* * * LOW HITPOINT WARNING * * *
Crazy Yiuf burns you.
* * * LOW HITPOINT WARNING * * *
Your chain mail prevents you from hitting Crazy Yiuf.
Crazy Yiuf is heavily wounded.
Crazy Yiuf barely misses you.
You hit Crazy Yiuf but do no damage.
Crazy Yiuf is heavily wounded.
Crazy Yiuf cries, "Snower arga leg!"
Crazy Yiuf hits you with a quarterstaff of chaos!
You die...

...................
........<..........
##.........###.....
#.............#...
#########..#......
#.........
♣♣♣♣♣###.....#..
♣♣♣.♣...#.........
♣@.♣.PP........#.#
#....g♣♣♣♣P.........#+#
#)..#♣ ♣♣P.#.##......
### ♣♣##...).....
##........ #........
########........
................
................


You could see Crazy Yiuf.

Vanquished Creatures
  An ooze (D:1)
  3 dart slugs (D:1)
  8 bats
  2 giant cockroaches
  4 goblins
  5 hobgoblins (D:1)
  A ball python (D:1)
  3 giant newts (D:1)
  4 rats
31 creatures vanquished.

Notes
Turn   | Place    | Note
--------------------------------------------------------------
     0 | D:1      | mopl the Demonspawn Gladiator began the quest for the Orb.
     0 | D:1      | Reached XP level 1. HP: 16/16 MP: 1/1
    46 | D:1      | Reached skill level 3 in Polearms
   119 | D:1      | Gained mutation: Your movements are slightly less encumbered by armour (ER -2). [demonic ancestry]
   119 | D:1      | Reached XP level 2. HP: 22/22 MP: 2/2
   598 | D:1      | Reached XP level 3. HP: 25/27 MP: 3/3
   907 | D:2      | Reached skill level 4 in Polearms
   963 | D:2      | Noticed Crazy Yiuf
   971 | D:2      | Mangled by Crazy Yiuf

Vault maps used:
D:1:      shiori_arrival_oz
D:2:      kennysheep_big_flooded_room, uniq_crazy_yiuf_cottage

Skill      XL: |  1  2  3 |
---------------+----------+-----
Polearms       | 3 4 |  4.0
Fighting       | |  2.0
Throwing       | |  1.7
Dodging        | |  2.6

Action                   || total
-------------------------++-------
Melee: Trident           ||   116
